 Dungeon Crawl Stone Soup version 0.20.1-1-g8b1a95d (webtiles) character file.

166 troglodite the Skirmisher (level 5, -3/64 HPs)
             Began as a Demonspawn Berserker on Dec 1, 2017.
             Was a Believer of Trog.
             Slain by an orc
             ... wielding a +0 short sword
              (4 damage)
             ... on level 3 of the Dungeon.
             The game lasted 00:11:10 (3334 turns).

troglodite the Skirmisher (Demonspawn Berserker)    Turns: 3334, Time: 00:11:10

Health: -3/64      AC:  5    Str: 23    XL:     5   Next: 22%
Magic:  5/5        EV: 12    Int:  8    God:    Trog [**....]
Gold:   99         SH:  0    Dex: 13    Spells: 4/4 levels left

rFire    . . .     SeeInvis .   n - -3 rapier (curse)
rCold    + . .     Gourm    .   (no shield)
rNeg     . . .     Faith    .   q - +0 ring mail {rC+}
rPois    .         Spirit   .   (no helmet)
rElec    .         Reflect  .   (no cloak)
rCorr    .         Harm     .   (no gloves)
MR       .....                  (no boots)
Stlth    ..........             (no amulet)
Regen    0.2/turn               (no ring)
MPRegen  0.1/turn               (no ring)

@: berserking, very quick
A: powered by pain 1
a: Berserk, Trog's Hand, Burn Spellbooks, Renounce Religion


You were on level 3 of the Dungeon.
You worshipped Trog.
Trog was pleased with you.
You were hungry.

You visited 1 branch of the dungeon, and saw 3 of its levels.

You collected 99 gold pieces.

Inventory:

Hand Weapons
 a - a +0 falchion
 n - a cursed -3 rapier (weapon)
Armour
 q - a +0 ring mail of cold resistance (worn)
Wands
 p - a wand of paralysis (12/24)
Scrolls
 f - 6 scrolls of identify
 h - a scroll of enchant armour
 o - a scroll of enchant weapon {unknown}
Potions
 d - a potion of mutation {unknown}
 e - 4 potions of agility
 g - 4 potions of curing
 j - a potion of cancellation {unknown}
 k - 4 potions of degeneration {unknown}
 l - 2 potions of flight {unknown}
Comestibles
 c - 2 bread rations
 i - a meat ration
 m - a chunk of flesh


   Skills:
 * Level 4.4 Fighting
 + Level 1.5(2.5) Short Blades
 + Level 3.1(3.3) Long Blades
 * Level 2.2 Armour
 * Level 2.5 Dodging
 + Level 0.6 Stealth


You had 4 spell levels left.
You didn't know any spells.

Dungeon Overview and Level Annotations

Branches:
Dungeon (3/15)

Altars:


Innate Abilities, Weirdness & Mutations

You sometimes gain a little power by taking damage.


Message History

A magic dart appears from out of thin air!
The magic dart hits you!
* * * LOW HITPOINT WARNING * * *
The orc closely misses you.
A red film seems to cover your vision as you go berserk!
You feel yourself moving faster!
You feel mighty!
You are feeling hungry.
You hear some strange, mumbled words.
A puff of flame appears from out of thin air!
The puff of flame hits you!
* * * LOW HITPOINT WARNING * * *
The orc barely misses you.
You miss something. You miss something.
You hear some strange, mumbled words.
A magic dart appears from out of thin air!
The magic dart hits you!
* * * LOW HITPOINT WARNING * * *
The orc hits you with a short sword.
You die...

..................#.## #
...####..#..............
##.# #..#.####.#.#...#
##.####..#.....<......#
............)...#.#...#
..#############.#.....##
.##........))..[).......
###.####.####.#.........
#⌠.#.#..#.#{@o>...#.
#..'.'÷.#.#.###..## #
#.####.##+#.#)# ..# #
#...........#.# .# #
#.####.##+#.#.# . ###
#..#.#..#.#.# .#
..#.#..'.'..# #.#
#÷#.#'##.#### #.#
#.#.......... #.#


You could see an orc.

Vanquished Creatures
  An orc priest (D:3)
  6 adders
  2 oozes
  A dart slug (D:1)
  2 leopard geckos
  9 orcs (D:3)
  6 bats
  2 giant cockroaches
  6 goblins
  6 hobgoblins
  5 kobolds
  2 quokkas
  A ball python (D:3)
  5 frilled lizards
  11 rats
65 creatures vanquished.

Vanquished Creatures (others)
  2 draconians (D:1)
  An octopode (D:1)
  An elf (D:1)
  A formicid (D:1)
  4 spriggans (D:1)
  A human (D:1)
  2 nagas (D:1)
  2 dwarves (D:1)
  An orc (D:1)
  5 tentacles (D:1)
20 creatures vanquished.

Grand Total: 85 creatures vanquished

Notes
Turn   | Place    | Note
-------+----------+-------------------------------------------
     0 | D:1      | troglodite the Demonspawn Berserker began the quest for the Orb.
     0 | D:1      | Reached XP level 1. HP: 18/18 MP: 1/1
     2 | D:1      | Killed a draconian
     5 | D:1      | Noticed a naga
     5 | D:1      | Noticed a dwarf
     5 | D:1      | Noticed a naga
     5 | D:1      | Noticed a spriggan
     5 | D:1      | Noticed a spriggan
     5 | D:1      | Noticed a formicid
     5 | D:1      | Noticed a human
     5 | D:1      | Noticed a kraken
     5 | D:1      | Noticed a dwarf
     5 | D:1      | Noticed a spriggan
     5 | D:1      | Noticed a spriggan
     5 | D:1      | Noticed an octopode
     5 | D:1      | Noticed a draconian
     5 | D:1      | Noticed an elf
     5 | D:1      | Killed a naga
     5 | D:1      | Killed a dwarf
     6 | D:1      | Killed an octopode
     6 | D:1      | Killed a spriggan
     7 | D:1      | Killed a naga
     8 | D:1      | Killed a spriggan
     8 | D:1      | Killed a spriggan
     9 | D:1      | Killed a formicid
     9 | D:1      | Killed a dwarf
    11 | D:1      | Killed an elf
    12 | D:1      | Killed a draconian
    15 | D:1      | Killed a human
    15 | D:1      | Killed a spriggan
   201 | D:1      | Gained mutation: You sometimes gain a little power by taking damage. [demonic ancestry]
   201 | D:1      | Reached XP level 2. HP: 16/24 MP: 2/2
  1097 | D:2      | Reached XP level 3. HP: 29/30 MP: 3/3
  1303 | D:2      | Reached ** piety under Trog
  1309 | D:2      | Reached skill level 4 in Fighting
  1746 | D:2      | HP: 1/45 [goblin/club (5)]
  2134 | D:3      | Reached XP level 4. HP: 37/37 MP: 4/4
  2732 | D:3      | Reached skill level 1 in Short Blades
  3026 | D:3      | Reached XP level 5. HP: 7/43 MP: 5/5
  3334 | D:3      | HP: 1/64 [something/magic dart (7)]
  3334 | D:3      | Slain by an orc

Skill      XL: |  1  2  3  4 |
---------------+-------------+-----
Armour         | 2 |  2.2
Dodging        | 2 |  2.5
Fighting       | 4 |  4.4
Long Blades    | 3 |  3.1
Short Blades   | 1 |  1.5
Stealth        | |  0.6

Action                   |  1- 3 |  4- 6 || total
-------------------------+-------+-------++-------
Melee: Falchion          |    81 |       ||    81
       Rapier            |    35 |    93 ||   128
Invok: Berserk           |     3 |     2 ||     5
  Use: Scroll            |     4 |       ||     4
 Stab: Sleeping          |     1 |     1 ||     2
  Eat: Chunk             |     5 |     2 ||     7
       Meat ration       |       |     1 ||     1
Armor: Animal skin       |    41 |    10 ||    51
       Ring mail         |       |     7 ||     7
Dodge: Dodged            |   101 |    52 ||   153
       Rpst.: Falchion   |    27 |       ||    27
